 Dungeon Crawl Stone Soup version 0.31-a0-564-g3b7de120b3 (webtiles) character file.

Game seed: 179971502728639098

84 IdlyInterested the Chopper (level 4, 0/34 HPs)
             Began as a Demonspawn Gladiator on Aug 17, 2023.
             Slain by a gnoll
             ... wielding a +0 flail
              (8 damage)
             ... on level 2 of the Dungeon.
             The game lasted 00:05:53 (1677 turns).

IdlyInterested the Chopper (Demonspawn Gladiator)   Turns: 1677, Time: 00:05:54

Health: 0/34       AC:  3    Str: 12 (13) XL:     4   Next: 24%
Magic:  5/5        EV: 12    Int: 10 (11) God:
Gold:   80         SH:  4    Dex: 15 (18) Spells: 5/5 levels left

rFire   . . .        a - +0 war axe
rCold   . . .        l - +0 buckler
rNeg    . . .        b - +0 leather armour
rPois   .            (helmet restricted)
rElec   .            (no cloak)
rCorr   .            (no gloves)
SInv    .            (no boots)
Will    .....        (no amulet)
Stlth   +            (no ring)
HPRegen 0.25/turn    (no ring)
MPRegen 0.09/turn

%: no passive effects
@: no status effects
A: sturdy frame 1, demonic magic 1, demonic touch 1, antennae 1, agile 1,
MP-powered wands
a: no special abilities


You were on level 2 of the Dungeon.
You visited 1 branch of the dungeon, and saw 2 of its levels.

You collected 80 gold pieces.

Inventory:

Hand Weapons
 a - a +0 war axe (weapon)
 c - a +0 short sword
 h - a +0 dagger
Missiles
 d - 4 throwing nets
 e - a javelin
 i - 9 stones (quivered)
Armour
 b - a +0 leather armour (worn)
 j - a +0 helmet
 l - a +0 buckler (worn)
 m - a +0 plate armour
Scrolls
 g - 2 scrolls of poison
 k - a scroll of enchant weapon {unknown}
Potions
 f - 3 potions of curing


   Skills:
 + Level 2.9 Fighting
 * Level 1.9 Short Blades
 - Level 3.0 Axes
 - Level 1.7 Throwing
 - Level 1.0 Armour
 - Level 2.6 Dodging
 + Level 1.1 Spellcasting


You had 5 spell levels left.
You didn't know any spells.
Your spell library contained the following spells:

 Spells                   Type           Power      Damage    Failure   Level
 Blink                    Tloc           0%         N/A       61%         2
 Lesser Beckoning         Tloc           0%         N/A       61%         2
 Momentum Strike          Conj/Tloc      0%         3d8       61%         2


Dungeon Overview and Level Annotations

Branches:
Dungeon (2/15)

Altars:

Shops:
D:1 [


Innate Abilities, Weirdness & Mutations

Your movements are slightly less encumbered by armour. (ER -2)
Spells you cast may paralyse adjacent enemies.
Your touch may inflict minor irresistible damage on your foes.
You have a pair of small antennae on your head.
You are agile. (Dex +4, Str/Int -1)
You expend magic power (3 MP) to strengthen your wands.


Message History

You see here a +0 spear.
Things that are here:
a +0 spear; a gnoll corpse
e - a javelin You start resting.
HP restored.
You see here a +0 leather armour.
You open the door.
There is an open door here.
A gnoll comes into view. It is wielding a +0 whip.
Found a scroll labelled VIDARO UGYBOEH.
The gnoll shouts!
The gnoll moves out of view.
A gnoll comes into view. It is wielding a +0 flail.
A gnoll comes into view. It is wielding a +0 club.
The gnoll shouts!
The gnoll hits you with a +0 whip.
You closely miss the gnoll.
The gnoll shouts!
You hit the gnoll but do no damage. The gnoll closely misses you. x2
You barely miss the gnoll. You hit the gnoll. The gnoll barely misses you.
The gnoll hits you with a +0 flail!
You slash the gnoll!
The gnoll is severely wounded.
You closely miss the gnoll. You slash the gnoll!
The gnoll hits you but does no damage. You block the gnoll's attack.
The gnoll hits you with a +0 whip.
Unknown command.
You barely miss the gnoll.
The gnoll is severely wounded.
You hit the gnoll. x2; The gnoll barely misses you.
The gnoll hits you with a +0 whip. The gnoll closely misses you.
You block the gnoll's attack. The gnoll hits you with a +0 club.
* * * LOW HITPOINT WARNING * * *
The gnoll misses you.
You barely miss the gnoll.
The gnoll is severely wounded.
You closely miss the gnoll. You hit the gnoll. You block the gnoll's attack.
The gnoll hits you with a +0 flail!
You die...

#######...'.....
#########.###.....
###.......#.##......
#....####.#.##.....#
#....# #.#........#
#....# #.####.....#
###.### #.# #.....#
#...?.# #.####.....#
#.g@..# #..........#
#.gg..# #######....#
#.....# #....#
#.....# #....#
#.....# #..[.#
#.....# ######
....### #.####


You could see 3 gnolls.

Vanquished Creatures
  3 gnolls (D:2)
  A worm (D:2)
  3 dart slugs
  4 ball pythons
  5 endoplasms (D:2)
  2 giant cockroaches (D:2)
  3 goblins (D:1)
  2 hobgoblins (D:1)
  5 jackals
  A quokka (D:2)
  3 bats
  3 frilled lizards
  4 kobolds
  5 rats
44 creatures vanquished.

Notes
Turn   | Place    | Note
-------+----------+-------------------------------------------
     0 | D:1      | IdlyInterested the Demonspawn Gladiator began the quest for
                  | the Orb.
     0 | D:1      | Reached XP level 1. HP: 16/16 MP: 1/1
   166 | D:1      | Reached skill level 1 in Armour
   166 | D:1      | Gained mutation: Spells you cast may paralyse adjacent
                  | enemies. [demonic ancestry]
   166 | D:1      | Reached XP level 2. HP: 19/22 MP: 2/2
   419 | D:1      | Reached skill level 3 in Axes
   453 | D:1      | Found Riakh's Armour Emporium.
   863 | D:2      | Gained mutation: Your movements are slightly less
                  | encumbered by armour. (ER -2) [demonic ancestry]
   863 | D:2      | Reached XP level 3. HP: 21/28 MP: 3/3
   976 | D:2      | Reached skill level 1 in Short Blades
  1067 | D:2      | Gained mutation: You have a pair of small antennae on your
                  | head. [potion of mutation]
  1067 | D:2      | Gained mutation: You are agile. (Dex +4, Str/Int -1)
                  | [potion of mutation]
  1067 | D:2      | Gained mutation: You expend magic power (3 MP) to
                  | strengthen your wands. [potion of mutation]
  1467 | D:2      | Reached skill level 1 in Spellcasting
  1474 | D:2      | Gained mutation: Your touch may inflict minor irresistible
                  | damage on your foes. [demonic ancestry]
  1474 | D:2      | Reached XP level 4. HP: 4/34 MP: 5/5
  1677 | D:2      | Slain by a gnoll

Illustrated notes

Levels and vault maps discovered:
D:1:      dpeg_arrival_round_a, layout_basic, serial_shops, nicolae_shop_stone
D:2:      layout_basic

Skill      XL: |  1  2  3 |
---------------+----------+-----
Armour         | 1 |  1.0
Axes           | 3 |  3.0
Short Blades   | 1 |  1.9
Spellcasting   | 1 |  1.1
Fighting       | |  2.9
Throwing       | |  1.7
Dodging        | |  2.6

Action                     |  1- 3 |  4- 6 || total
---------------------------+-------+-------++-------
  Melee: War axe           |   107 |     6 ||   113
  Throw: Stone             |     4 |       ||     4
         Javelin           |     1 |       ||     1
    Use: Potion            |     4 |       ||     4
         Scroll            |     2 |       ||     2
   Stab: Sleeping          |     1 |       ||     1
 Armour: Leather armour    |    46 |     2 ||    48
  Dodge: Dodged            |    93 |     6 ||    99
  Block: Buckler           |     6 |     3 ||     9

Table legend: (Time is in decaauts)
 A = Elapsed time spent in this place.
 B = Non-inter-level travel time spent in this place.
 C = Inter-level travel time spent in this place.
 D = Time resting spent in this place.
 E = Time spent auto-exploring this place.
 F = Levels seen in this place.
 G = Mean time per level.
                   A        B        C        D        E       F      G
               +--------+--------+--------+--------+--------+-----+--------+
         Total |   1719 |   1589 |    130 |    263 |    823 |   2 |  859.5 |
       Dungeon |   1719 |   1589 |    130 |    263 |    823 |   2 |  859.5 |
               +--------+--------+--------+--------+--------+-----+--------+

Top non-repeatable levels by time:
     D:1: 989 daAuts
     D:2: 730 daAuts
